 Dungeon Crawl Stone Soup version 0.31.0-9-g3a7656b989 (webtiles) character file.

Game seed: 6473851165687582091

131 qw the Ducker (level 4, 0/22 HPs)
             Began as a Spriggan Hunter on Feb 2, 2024.
             Incinerated by a bombardier beetle (1 damage)
             ... with a burning spray
             ... on level 3 of the Dungeon.
             The game lasted 00:00:05 (1537 turns).

qw the Ducker (Spriggan Hunter)                     Turns: 1537, Time: 00:00:06

Health: 0/22       AC:  2    Str:  7    XL:     4   Next: 91%
Magic:  5/5        EV: 20    Int: 10    God:
Gold:   57         SH:  0    Dex: 20    Spells: 3/3 levels left

rFire   + . .        a - +2 shortbow
rCold   . . .        (shield currently unavailable)
rNeg    . . .        c - +0 robe
rPois   .            (helmet restricted)
rElec   .            (no cloak)
rCorr   .            (gloves unavailable)
SInv    +            (boots unavailable)
Will    .....        (no amulet)
Stlth   +            g - ring of protection from fire
HPRegen 0.23/turn    (no ring)
MPRegen 0.09/turn

%: no passive effects
@: on fire, glowing, very quick
A: very small, no large weapons, unfitting armour, see invisible, speed 3
a: no special abilities


You were on level 3 of the Dungeon.
You visited 1 branch of the dungeon, and saw 3 of its levels.

You collected 57 gold pieces.


Innate Abilities, Weirdness & Mutations

You are very small and have problems with some larger weapons.
You are too small for most types of armour.
You have supernaturally acute eyesight. (SInv)
You cover ground extremely quickly. (Speed+++)


   Skills:
 + Level 1.5 Fighting
 - Level 5.0 Ranged Weapons
 - Level 5.5 Dodging
 - Level 1.5 Stealth


You had 3 spell levels left.
You didn't know any spells.
Your spell library was empty.

Inventory:

Hand Weapons
 a - a +2 shortbow (weapon)
Armour
 c - a +0 robe (worn)
Jewellery
 d - a ring of fire
 g - a ring of protection from fire (left hand)
Wands
 e - a wand of roots (7)
Potions
 i - 2 potions of curing

Dungeon Overview and Level Annotations

Branches:
Dungeon (3/15)

Altars:
Zin

Shops:
D:1 =


Message History

You shoot an arrow. The arrow hits the hobgoblin.
You kill the hobgoblin!
The hobgoblin hits you. The goblin barely misses you.
You shoot an arrow. The arrow hits the hobgoblin!
You kill the hobgoblin!
The goblin barely misses you.
You shoot an arrow. The arrow hits the goblin!
You kill the goblin!
You start resting.
A bat comes into view.
You shoot an arrow. The arrow hits the bat.
You kill the bat!
You start resting.
A bombardier beetle comes into view.
You shoot an arrow.
The arrow hits the bombardier beetle but does no damage.
You shoot an arrow. The arrow hits the bombardier beetle.
The bombardier beetle is lightly wounded.
The bombardier beetle sprays incendiary fluid at you.
The burning spray hits you.
You are covered in liquid fire!
You shoot an arrow. The arrow hits the bombardier beetle!
The bombardier beetle is severely wounded.
The liquid fire burns you!
You shoot an arrow. The arrow hits the bombardier beetle.
The bombardier beetle is severely wounded.
The liquid fire burns you!
The bombardier beetle sprays incendiary fluid at you.
The burning spray hits you.
You are even more covered in liquid fire!
You shoot an arrow.
The arrow barely misses the bombardier beetle.
The liquid fire burns you!
You shoot an arrow. The arrow hits the bombardier beetle.
You kill the bombardier beetle!
The liquid fire burns you!
Your Dodging skill increases to level 5!
You are on fire!
The liquid fire burns you!
You die...

.##########.....###
..........##....
.#######..# ...
#..# . ##..##
#.)..# #....#
#.)).# #..@.#
##%)## ....# ####$#
).% ).# ))# .)..


There were no monsters in sight!

Vanquished Creatures
  A bombardier beetle (D:3)
  Robin (D:3)
  3 adders
  A dart slug (D:1)
  An orc (D:3)
  5 ball pythons
  2 endoplasms (D:2)
  2 giant cockroaches
  9 hobgoblins
  2 jackals (D:1)
  2 quokkas
  6 bats
  A frilled lizard (D:2)
  12 goblins
  3 kobolds (D:2)
  4 rats
55 creatures vanquished.

Notes
Turn   | Place    | Note
-------+----------+-------------------------------------------
     0 | D:1      | qw the Spriggan Hunter began the quest for the Orb.
     0 | D:1      | Reached XP level 1. HP: 10/10 MP: 2/2
     0 | D:1      | 0 ||| qw: Version: 0.3-a-155-g5e7d8dd
     0 | D:1      | 0 ||| qw: Game counter: 592
     0 | D:1      | 0 ||| qw: Melee chars always use a shield: true
     0 | D:1      | 0 ||| qw: God list: Okawaru
     0 | D:1      | 0 ||| qw: Allow faded altars: false
     0 | D:1      | 0 ||| qw: Do Orc after clearing Dungeon:15 true
     0 | D:1      | 0 ||| qw: Do second Lair branch before Depths: true
     0 | D:1      | 0 ||| qw: Lair rune preference: random
     0 | D:1      | 0 ||| qw: Goals: Normal
     0 | D:1      | 0 ||| PLANNING D:1-11
    64 | D:1      | Reached skill level 3 in Dodging
   216 | D:1      | Reached XP level 2. HP: 14/14 MP: 3/3
   291 | D:1      | Found a faded altar of an unknown god.
   375 | D:1      | Found Xaukhlu's Jewellery Emporium.
   383 | D:1      | 383 ||| SHOPLISTING +4 ring of slaying (936 gold, have 0).
   383 | D:1      | 383 ||| SHOPLISTING amulet of regeneration (360 gold, have
                  | 0).
   383 | D:1      | 383 ||| SHOPLISTING amulet of the acrobat (360 gold, have
                  | 0).
   383 | D:1      | 383 ||| SHOPLISTING ring "Ninigyje" {Wiz rElec rCorr} (595
                  | gold, have 0).
   383 | D:1      | 383 ||| SHOPLISTING ring of poison resistance (240 gold,
                  | have 0).
   383 | D:1      | 383 ||| SHOPLISTING ring of positive energy (240 gold, have
                  | 0).
   558 | D:1      | 558 ||| UPGRADING to ring of protection from fire.
   559 | D:1      | 559 ||| READING scroll labelled IMAV VELIOTENK.
   562 | D:1      | 562 ||| READING scroll labelled LAEGHU TENU.
   663 | D:1      | 663 ||| READING 2 scrolls labelled BUDYVYO KAQOMN.
   664 | D:1      | 664 ||| DROPPING scroll of butterflies.
   665 | D:1      | 665 ||| DROPPING scroll of fear.
   706 | D:2      | Found a glowing silver altar of Zin.
   962 | D:2      | Reached XP level 3. HP: 18/18 MP: 4/4
   981 | D:2      | Identified the +8 short sword of Calculation {flame, Int+4}
  1437 | D:2      | 1437 ||| READING 2 scrolls labelled UTRIWI QIZALLUGH.
  1437 | D:2      | 1437 ||| ENCHANTING +0 shortbow.
  1438 | D:2      | 1438 ||| READING scroll of enchant weapon.
  1438 | D:2      | 1438 ||| ENCHANTING +1 shortbow.
  1439 | D:2      | 1439 ||| READING scroll labelled VUBETOXZIS.
  1439 | D:2      | 1439 ||| ENCHANTING +2 shortbow.
  1440 | D:2      | 1440 ||| READING scroll labelled POPUEH UMOH.
  1441 | D:2      | 1441 ||| DRINKING 3 brown potions.
  1488 | D:3      | Reached XP level 4. HP: 22/22 MP: 5/5
  1500 | D:3      | Noticed Robin
  1508 | D:3      | Killed Robin
  1511 | D:3      | HP: 5/22 [hobgoblin[Robin] (2)]
  1534 | D:3      | HP: 3/22 [burnt (4)]
  1535 | D:3      | HP: 1/22 [burnt (2)]
  1537 | D:3      | Incinerated by a bombardier beetle

Levels and vault maps discovered:
D:1:      dpeg_arrival_rooms_a, layout_basic, serial_shops,
          nicolae_shop_tiny_waterfront, ebering_ecumenical_altar_sacrificial
D:2:      layout_basic, basic_altar, serial_glass, glass_columns_b,
          glass_columns_a, minmay_pentomino_r2
D:3:      layout_basic, lemuel_coloured_pillars_altar,
          nicolae_shop_unique_rings, uniq_robin, uniq_natasha

Skill      XL: |  1  2  3  4 |
---------------+-------------+-----
Dodging        | 3 4 5 |  5.5
Ranged Weapons | 5 |  5.0
Fighting       | |  1.5
Stealth        | |  1.5

Action                     |  1- 3 |  4- 6 || total
---------------------------+-------+-------++-------
   Fire: Shortbow          |   102 |    26 ||   128
    Use: Scroll            |     7 |       ||     7
         Potion            |     1 |       ||     1
 Armour: Robe              |     9 |     8 ||    17
  Dodge: Dodged            |    26 |    11 ||    37

Table legend:
 A = Non-vault XP
 B = Vault XP
 C = Vault XP percentage of total XP
 D = Non-vault monster count
 E = Vault monster count
 F = Vault count percentage of total count
                 A         B        C        D         E       F
            +---------+---------+-------+---------+---------+-------
      Total |     135 |      53 |  28.2 |      40 |      15 |  27.3
            +---------+---------+-------+---------+---------+-------
        D:1 |      30 |       0 |   0.0 |      17 |       0 |   0.0
        D:2 |      32 |      14 |  30.4 |      15 |       2 |  11.8
        D:3 |      73 |      39 |  34.8 |       8 |      13 |  61.9
            +---------+---------+-------+---------+---------+-------
